Map: Чаща РВ (Void)

Players

MariK

  • Race: Protoss Protoss
  • League: Master
  • Spawn Location: 1:00

CadoEverto - Winner!

  • Race: Terran Terran
  • League: Master
  • Spawn Location: 7:00

VOD

Have the link to the VOD?

Description

Time

  • Played on: Feb. 23, 2017, 12:14 p.m.
  • Length: 10:37
Show
View Real Time Build Order
Export as new Build Order

MariK Protoss 

Build Orders: 1 Gate Expand 

Get SALT Encoding   

  12  0:00  Probe (Chrono Boost)  
  13  0:11  Probe (Chrono Boost)  
  14  0:17  Pylon  
  14  0:22  Probe (Chrono Boost)  
  15  0:36  Gateway  
  15  0:38  Assimilator  
  15  0:42  Probe (Chrono Boost)  
  16  0:52  Probe (Chrono Boost)  
  17  1:03  Probe (Chrono Boost)  
  18  1:13  Probe (Chrono Boost)  
  19  1:22  Nexus  
  19  1:32  Probe (Chrono Boost), Cybernetics Core  
  20  1:44  Probe (Chrono Boost)  
  20  1:46  Pylon  
  21  1:48  Assimilator  
  21  1:55  Probe (Chrono Boost)  
  22  2:04  Stalker  
  24  2:09  Warp Gate  
  24  2:12  Probe (Chrono Boost)  
  25  2:25  Probe (Chrono Boost)  
  25  2:29  Robotics Facility  
  26  2:35  Probe (Chrono Boost)  
  28  2:37  Probe (Chrono Boost)  
  28  2:46  Probe (Chrono Boost)  
  28  2:49  Probe (Chrono Boost)  
  29  2:56  Probe (Chrono Boost)  
  30  3:00  Probe (Chrono Boost)  
  30  3:01  Twilight Council  
  31  3:07  Probe (Chrono Boost)  
  31  3:11  Probe (Chrono Boost)  
  33  3:14  Gateway  
  33  3:15  Gateway  
  33  3:17  Observer  
  33  3:18  Probe (Chrono Boost)  
  35  3:21  Probe (Chrono Boost)  
  36  3:29  Pylon  
  36  3:37  Probe (Chrono Boost)  
  36  3:39  Observer  
  39  3:44  Mothership Core (Chrono Boost)  
  39  3:46  Assimilator  
  39  3:47  Assimilator  
  39  3:48  Probe (Chrono Boost)  
  41  3:58  Probe (Chrono Boost)  
  41  4:02  Probe (Chrono Boost)  
  43  4:07  Observer, Pylon  
  43  4:09  Probe (Chrono Boost)  
  45  4:13  Probe (Chrono Boost)  
  46  4:18  Dark Shrine  
  46  4:19  Adept  
  48  4:25  Probe x2 (Chrono Boost), Charge  
  50  4:36  Probe x2 (Chrono Boost)  
  52  4:45  Pylon  
  52  4:48  Pylon  
  52  4:49  Probe (Chrono Boost)  
  53  4:54  Stalker x3  
  58  5:12  Probe (Chrono Boost)  
  60  5:14  Shadow Stride, Probe (Chrono Boost)  
  60  5:28  Gateway  
  60  5:30  Gateway  
  60  5:31  Warp Prism  
  60  5:32  Gateway  
  62  5:37  Zealot x3  
  68  5:54  Gateway  
  68  5:55  Gateway  
  68  5:59  Pylon  
  68  6:01  Zealot x3  
  74  6:08  Pylon x2  
  74  6:25  Dark Templar x3  
  80  6:34  Dark Templar x3  
  85  6:59  Pylon  
  85  7:09  Zealot  
  85  7:10  Zealot x7  
  101  7:16  Pylon  
  83  7:38  Zealot x8  
  99  7:52  Nexus  
  99  7:55  Pylon  
  99  7:56  Pylon  
  99  8:01  Warp Prism  
  101  8:06  Dark Templar x4  
  109  8:13  Dark Templar  
  109  8:14  Dark Templar  
  109  8:19  Resonating Glaives  
  113  8:43  Dark Templar x2  
  113  8:44  Dark Templar  
  114  9:05  Nexus  
  114  9:06  Pylon  
  114  9:07  Dark Templar x2  
  118  9:13  Pylon  
  118  9:15  Pylon  
  118  9:19  Pylon  
  118  9:23  Pylon  
  118  9:30  Zealot x4  
  58  9:59  Zealot x8  
  64  10:02  Probe x2 (Chrono Boost)  
  66  10:22  Stalker, Probe (Chrono Boost)  
  66  10:23  Stalker x3  
Show
View Real Time Build Order
Export as new Build Order

CadoEverto Terran - Winner!

Build Orders: MMM Bio 

Get SALT Encoding   

  12  0:01  SCV  
  13  0:13  SCV  
  14  0:18  Supply Depot  
  14  0:25  SCV  
  15  0:40  SCV  
  15  0:42  Barracks  
  16  0:46  Refinery  
  16  0:52  SCV  
  17  1:04  SCV  
  18  1:16  SCV  
  19  1:32  Orbital Command  
  19  1:38  Barracks Reactor  
  19  1:48  Command Center  
  19  1:57  Supply Depot  
  19  1:58  SCV  
  20  2:10  SCV  
  20  2:11  Factory  
  21  2:19  Marine x2  
  23  2:23  SCV  
  23  2:27  Refinery  
  24  2:35  SCV  
  25  2:37  Marine x2  
  27  2:47  SCV  
  28  2:57  Marine x2  
  30  2:58  Starport  
  30  2:59  Widow Mine, SCV  
  30  3:01  Orbital Command  
  32  3:13  SCV  
  32  3:15  Marine x2  
  32  3:19  Barracks  
  35  3:25  SCV  
  36  3:27  Widow Mine  
  36  3:29  SCV  
  39  3:34  Marine x2  
  39  3:37  SCV  
  39  3:38  Medivac  
  44  3:45  SCV, Supply Depot  
  45  3:52  SCV  
  46  3:57  Engineering Bay, Factory Tech Lab  
  46  4:06  Marine x2, SCV x2  
  46  4:07  Barracks Tech Lab  
  50  4:15  Supply Depot  
  50  4:16  Siege Tank  
  53  4:18  SCV  
  54  4:24  Barracks  
  54  4:26  Missile Turret  
  54  4:28  Missile Turret  
  54  4:30  Stimpack  
  54  4:36  Marine, SCV x2  
  57  4:39  Supply Depot  
  57  4:41  Terran Infantry Weapons Level 1  
  57  4:43  Marine  
  57  4:45  Marine  
  59  4:49  SCV  
  59  4:50  SCV  
  61  5:00  Siege Tank  
  64  5:08  Marine x2  
  64  5:10  Starport Reactor  
  64  5:11  SCV x2  
  62  5:23  SCV x2  
  62  5:24  Refinery x2  
  62  5:26  Supply Depot  
  62  5:27  Supply Depot  
  62  5:28  Marine x2  
  66  5:29  Marauder  
  66  5:35  SCV  
  69  5:37  SCV  
  69  5:41  Combat Shields  
  70  5:44  Factory Reactor  
  70  5:47  Marine  
  70  5:48  Marauder, SCV  
  70  5:49  SCV  
  75  5:50  Supply Depot x2  
  75  5:51  Supply Depot, Medivac  
  75  5:53  Marine x2  
  79  6:00  SCV, Medivac  
  82  6:07  SCV  
  82  6:08  Marine  
  82  6:09  Marauder  
  86  6:11  Marine  
  86  6:12  Marauder  
  86  6:17  Supply Depot  
  89  6:23  SCV  
  90  6:26  Marine  
  90  6:29  Marine  
  90  6:30  Widow Mine  
  90  6:31  Widow Mine, Marauder  
  98  6:33  Marauder, Medivac  
  98  6:38  Medivac  
  104  6:40  SCV  
  104  6:44  Marine  
  106  6:50  Supply Depot  
  106  6:52  Marauder  
  108  6:54  Marine  
  108  6:55  Marauder  
  111  7:06  Supply Depot  
  111  7:11  Supply Depot  
  111  7:13  Engineering Bay, Supply Depot, Marauder  
  111  7:14  Marine, Widow Mine, Supply Depot  
  116  7:16  Marauder  
  118  7:25  Marine  
  119  7:34  Liberator  
  119  7:35  Marauder  
  113  7:37  Widow Mine, Marauder, Marine  
  113  7:38  SCV  
  113  7:41  Supply Depot  
  119  7:44  Supply Depot  
  119  7:45  Widow Mine  
  119  7:49  Concussive Shells  
  120  7:56  Marine, Marauder  
  126  7:59  Marauder  
  128  8:09  Medivac  
  128  8:11  Marine  
  131  8:15  Command Center  
  131  8:18  Supply Depot, SCV  
  131  8:19  Widow Mine  
  132  8:22  Marauder  
  136  8:28  Marine, Supply Depot  
  135  9:04  Widow Mine x2  
  135  9:06  Raven  
  135  9:07  Marine, Marauder  
  135  9:08  SCV  
  145  9:15  Barracks  
  145  9:17  Barracks  
  145  9:18  Armory  
  145  9:28  Missile Turret  
  145  9:29  Marauder  
  145  9:30  Missile Turret  
  147  9:32  Missile Turret  
  147  9:35  Missile Turret  
  147  9:36  Marine x3  
  131  9:50  Marauder  
  110  9:59  Marine  
  111  10:01  Marine  
  111  10:03  Barracks Tech Lab  
  111  10:05  Barracks Reactor  
  112  10:09  Barracks  
  112  10:10  Barracks  
  112  10:12  Marauder, Barracks  
  114  10:17  SCV x2  
  116  10:25  Missile Turret  
Tags
 
Composition
MMM Bio
Matchup
PvT
Spawn Locations
Cross Positions
Add a new tag
Caveats
  • Supply blocks, unpowered buildings, or Contaminate may cause inaccurate times.
  • Supply counts are checked every 10 seconds.